 Dungeon Crawl Stone Soup version 0.28-a0-1002-gf00fe891ef (webtiles) character file.

Game seed: 5269924079980711805

47 vexadecimal the Skirmisher (level 3, -3/35 HPs)
             Began as a Gnoll Wanderer on Dec 6, 2021.
             Killed by divine providence
             ... invoked by an orc priest
              (11 damage)
             ... on level 3 of the Dungeon.
             The game lasted 00:08:37 (1178 turns).

vexadecimal the Skirmisher (Gnoll Wanderer)         Turns: 1178, Time: 00:08:37

Health: -3/35      AC:  6    Str: 13    XL:     3   Next: 70%
Magic:  4/4        EV: 11    Int: 12    God:
Gold:   72         SH:  0    Dex: 10    Spells: 3/3 levels left

rFire   . . .      SeeInvis .   k - +4 dagger
rCold   . . .      Faith    .   (no shield)
rNeg    . . .      Spirit   .   c - +0 ring mail
rPois   .          Reflect  .   (no helmet)
rElec   .          Harm     .   (no cloak)
rCorr   .          Rampage  .   (no gloves)
Will    .....                   (no boots)
Stlth   ++........              (no amulet)
HPRegen 0.11/turn               (no ring)
MPRegen 0.09/turn               (no ring)

@: no status effects
A: fangs 1, strong nose, distributed training
a: no special abilities


You were on level 3 of the Dungeon.
You visited 1 branch of the dungeon, and saw 3 of its levels.

You collected 72 gold pieces.

Inventory:

Hand Weapons
 a - a +2 dagger
 d - a +0 falchion
 k - a +4 dagger (weapon)
Armour
 c - a +0 ring mail (worn)
Scrolls
 e - 2 scrolls of teleportation {unknown}
 g - a scroll of noise {unknown}
 h - 2 scrolls of silence {unknown}
 i - 4 scrolls of identify {unknown}
Potions
 b - 2 potions of berserk rage
 f - a potion of cancellation {unknown}
 j - a potion of mutation {unknown}
 l - 2 potions of attraction {unknown}
 m - a potion of curing {unknown}
 n - a potion of degeneration {unknown}
 o - a potion of magic {unknown}


   Skills:
 + Level 6.5 Fighting
 + Level 0.9 Short Blades
 + Level 2.6 Long Blades
 + Level 0.9 Axes
 + Level 0.9 Maces & Flails
 + Level 0.9 Polearms
 + Level 0.9 Staves
 + Level 0.9 Slings
 + Level 0.9 Bows
 + Level 0.9 Crossbows
 + Level 0.9 Throwing
 + Level 4.5 Armour
 + Level 2.6 Dodging
 + Level 4.2 Stealth
 + Level 0.9 Shields
 + Level 0.9 Unarmed Combat
 + Level 0.9 Spellcasting
 + Level 0.6 Conjurations
 + Level 0.6 Hexes
 + Level 0.6 Summonings
 + Level 0.6 Necromancy
 + Level 0.6 Translocations
 + Level 0.6 Transmutations
 + Level 0.6 Fire Magic
 + Level 0.6 Ice Magic
 + Level 0.6 Air Magic
 + Level 0.6 Earth Magic
 + Level 0.6 Poison Magic
 + Level 1.0 Invocations
 + Level 2.6 Evocations


You had 3 spell levels left.
You didn't know any spells.
Your spell library was empty.

Dungeon Overview and Level Annotations

Branches:
Dungeon (3/15)

Altars:


Innate Abilities, Weirdness & Mutations

You have very sharp teeth.
Your uncanny sense of smell can sniff out nearby items.
Your experience applies equally to all skills.


Message History

Found a glowing dagger.
You see here a +0 dagger of draining.
You open the door.
There is an open door here.
Found a dagger.
You see here a +0 dagger.
You see here a +0 dagger of draining.
There is an escape hatch in the floor here.
o - a puce potion
There is an escape hatch in the floor here.
You slide downwards.
The hatch slams shut behind you.
Found a stone staircase leading down. 2 orcs come into view.
An orc priest and an orc wizard come into view.
The orc priest shouts!
You open the door.
There is an open door here.
The orc priest calls down the wrath of Beogh upon you.
Beogh smites you!
There is an open door here.
You hit the orc but do no damage. You bite the orc, but do no damage.
The orc barely misses you.
You hit the orc but do no damage.
The orc wizard casts a spell.
The orc wizard flickers and vanishes!
Deactivating autopickup; reactivate with Ctrl-A.
The orc hits you with a +0 mace.
You hit the orc but do no damage. The orc hits you with a +0 mace.
You hit the orc.
The orc is moderately wounded.
The orc closely misses you.
The orc priest hits you with a +0 flail.
You hit the orc. Your bite misses the orc.
The orc is moderately wounded.
The orc hits you with a +0 mace.
The orc priest hits you with a +0 flail.
* * * LOW HITPOINT WARNING * * *
The orc priest calls down the wrath of Beogh upon you.
Beogh smites you!
You die...

#################
......>.........#
........#######.#
................
######o.......oo
#.@o..........
####o.........
.........#.
##.######.# #.#
.# #+# #


You could see an orc priest and 2 orcs.

Vanquished Creatures
  2 adders (D:2)
  6 endoplasms
  A giant cockroach (D:2)
  3 hobgoblins
  3 ball pythons
  2 bats (D:1)
  A frilled lizard (D:1)
  2 goblins (D:1)
  4 kobolds
  5 rats
29 creatures vanquished.

Notes
Turn   | Place    | Note
-------+----------+-------------------------------------------
     0 | D:1      | vexadecimal the Gnoll Wanderer began the quest for the Orb.
     0 | D:1      | vexadecimal set off with the following items: a +2 dagger,
                  | a potion of berserk rage, a +0 ring mail, a +0 falchion
     0 | D:1      | Reached XP level 1. HP: 23/23 MP: 1/1
   211 | D:1      | Reached XP level 2. HP: 23/29 MP: 2/2
   423 | D:1      | Found a faded altar of an unknown god.
   826 | D:2      | Reached XP level 3. HP: 35/35 MP: 3/3
   868 | D:2      | Reached skill level 1 in Invocations
  1178 | D:3      | Killed from afar by an orc priest

Illustrated notes

Levels and vault maps discovered:
D:1:      lightli_arrival_statue_moat, layout_loops_ring,
          chequers_ecumenical_altar_simple, serial_rivers,
          chequers_serial_rivers_room_b, chequers_serial_rivers_micro_d,
          chequers_serial_rivers_large_a, chequers_serial_rivers_room_a,
          chequers_serial_rivers_micro_d, chequers_serial_rivers_large_b,
          grunt_decor_mini_mirrors, minmay_crystal_water
D:2:      layout_basic, minmay_small_reverse_x
D:3:      layout_basic, nicolae_vehumet_altar_sigil,
          nicolae_dithmenos_shadow_blocks, kennysheep_generic_room_2, uniq_ijyb

Skill      XL: |  1  2  3 |
---------------+----------+-----
Invocations    | 1 |  1.0
Fighting       | |  6.5
Short Blades   | |  0.9
Long Blades    | |  2.6
Axes           | |  0.9
Maces & Flails | |  0.9
Polearms       | |  0.9
Staves         | |  0.9
Slings         | |  0.9
Bows           | |  0.9
Crossbows      | |  0.9
Throwing       | |  0.9
Armour         | |  4.5
Dodging        | |  2.6
Stealth        | |  4.2
Shields        | |  0.9
Unarmed Combat | |  0.9
Spellcasting   | |  0.9
Conjurations   | |  0.6
Hexes          | |  0.6
Summonings     | |  0.6
Necromancy     | |  0.6
Translocations | |  0.6
Transmutations | |  0.6
Fire Magic     | |  0.6
Ice Magic      | |  0.6
Air Magic      | |  0.6
Earth Magic    | |  0.6
Poison Magic   | |  0.6
Evocations     | |  2.6

Action                   || total
-------------------------++-------
Melee: Dagger            ||    94
       Bite              ||     5
 Stab: Sleeping          ||     4
Armor: Ring mail         ||    33
Dodge: Dodged            ||    29

Table legend: (Time is in decaauts)
 A = Elapsed time spent in this place.
 B = Non-inter-level travel time spent in this place.
 C = Inter-level travel time spent in this place.
 D = Time resting spent in this place.
 E = Time spent auto-exploring this place.
 F = Levels seen in this place.
 G = Mean time per level.
                   A        B        C        D        E       F      G
               +--------+--------+--------+--------+--------+-----+--------+
         Total |   1178 |    375 |    803 |      0 |      0 |   3 |  392.7 |
       Dungeon |   1178 |    375 |    803 |      0 |      0 |   3 |  392.7 |
               +--------+--------+--------+--------+--------+-----+--------+

Top non-repeatable levels by time:
     D:1: 733 daAuts
     D:2: 427 daAuts
     D:3: 17 daAuts
